 Dungeon Crawl Stone Soup version 0.19.1-1-g22dce08 (webtiles) character file.

12005 Camlann the Grappler (level 11, -3/83 HPs)
             Began as a Demonspawn Fighter on Jan 21, 2017.
             Incinerated by a smoke demon (6 damage)
             ... with a sticky flame
             ... on level 1 of the Abyss.
             The game lasted 00:27:51 (14843 turns).

Camlann the Grappler (Demonspawn Fighter)          Turns: 14843, Time: 00:27:51

Health: -3/83      AC: 20    Str: 20    XL:     11   Next: 56%
Magic:  0/11       EV: 12    Int: 13    God:
Gold:   827        SH: 14    Dex: 15    Spells: 0 memorised, 10 levels left

rFire  . . .     SeeInvis .       - Unarmed
rCold  . . .     Gourm    .     I - +7 plate armour of the Good {*Contam rN+ rCorr}
rNeg   + . .     Faith    .     e - +2 shield
rPois  .         Spirit   +     (helmet restricted)
rElec  +         Reflect  .     A - +1 cloak {MR+}
rCorr  +         Harm     .     (no gloves)
MR     +....                    (no boots)
Stlth  ..........               k - amulet of guardian spirit
                                x - +5 ring of evasion
                                F - ring of Xom's Scorn {+Fly Str+4 Dex+2 Slay+2}

@: liquid flames, about to teleport, non-regenerating, diseased, glowing
A: claws 2, hooves 2, horns 2, demonic guardian 1, powered by pain 2,
electricity resistance
a: Evoke Flight


You were on level 1 of the Abyss.
You were hungry.

You visited 3 branches of the dungeon, and saw 13 of its levels.
You visited the Abyss 1 time.
You also visited: Labyrinth.

You collected 827 gold pieces.

Inventory:

Armour
 e - a +2 shield (worn)
 A - a +1 cloak of magic resistance (worn)
 I - the +7 plate armour of the Good (worn) {*Contam rN+ rCorr}
   (You found it in a labyrinth)

   It protects you from negative energy.
   It causes magical contamination when unequipped.
   It protects you from acid and corrosion.
Rods
 t - a +3 rod of inaccuracy (10/10)
   (You found it in a labyrinth)
 H - a +4 rod of clouds (13/13)
   (You found it in a labyrinth)
Jewellery
 a - an uncursed amulet of regeneration
 k - an amulet of guardian spirit (around neck)
 o - a +4 ring of evasion
 x - a +5 ring of evasion (right claw)
 F - the ring of Xom's Scorn (left claw) {+Fly Str+4 Dex+2 Slay+2}
   (You found it in a labyrinth)

   [ring of flight]

   It affects your strength (+4).
   It affects your dexterity (+2).
   It affects your accuracy and damage with ranged weapons and melee attacks
   (+2).
   It lets you fly.
Wands
 r - a wand of polymorph (13/24)
 y - a wand of polymorph (12/24)
 C - a wand of random effects (12/48)
 D - a wand of flame (13/48)
 J - a wand of lightning (10/15)
Scrolls
 b - 7 scrolls of remove curse
 h - 2 scrolls of magic mapping
 n - a scroll of brand weapon
 q - 2 scrolls of recharging
 s - 4 scrolls of teleportation
 v - a scroll of amnesia
 B - a scroll of enchant weapon
 G - a scroll of fear
Potions
 g - 8 potions of curing
 i - 2 potions of lignification
 j - 2 potions of cure mutation
 z - a potion of ambrosia
 E - 2 potions of haste
Books
 l - a book of the Warp

   Spells                             Type                      Level
   a - Gell's Gravitas                Hexes/Translocation          3
   b - Portal Projectile              Translocation                3
   c - Force Lance                    Conjuration/Translocation    4
   d - Dispersal                      Translocation                6
   e - Controlled Blink               Translocation                8
   f - Disjunction                    Translocation                8
 w - a book of Clouds

   Spells                             Type                      Level
   a - Mephitic Cloud                 Conjuration/Poison/Air       3
   b - Conjure Flame                  Conjuration/Fire             3
   c - Poisonous Cloud                Conjuration/Poison/Air       6
   d - Freezing Cloud                 Conjuration/Ice/Air          6
   e - Ring of Flames                 Charms/Fire                  7
Comestibles
 c - a slice of pizza
 d - 7 bread rations
 f - 2 royal jellies
 m - 5 meat rations


   Skills:
 + Level 6.6 Fighting
 - Level 2.6 Armour
 + Level 5.0 Dodging
 + Level 10.3 Shields
 - Level 11.7 Unarmed Combat


You had 10 spell levels left.
You didn't know any spells.

Dungeon Overview and Level Annotations

Branches:
Dungeon (10/15)            Temple (1/1) D:4            Lair (2/6) D:9
    Orc (0/2) D:9
  Swamp: Lair:2-4    Shoals: Lair:2-4     Snake: Lair:2-4    Spider: Lair:2-4

Altars:
Ashenzari
Cheibriados
Dithmenos
Elyvilon
Fedhas
Gozag
Hepliaklqana
Kikubaaqudgha
Makhleb
Nemelex Xobeh
Okawaru
Qazlal
Ru
Sif Muna
Trog
Uskayaw
Vehumet
Xom
Yredelemnul
Zin
The Shining One

Annotations:
Lair:2 Sonja


Innate Abilities, Weirdness & Mutations

You have very sharp fingernails.
You have hoof-like feet.
You have a pair of horns on your head.
A weak demonic guardian rushes to your aid.
You sometimes gain power by taking damage.
You are resistant to electric shocks. (rElec)


Message History

The raiju misses you.
A kobold demonologist comes into view. It is wielding a dagger.
You scratch the large abomination but do no damage.
You headbutt the large abomination!
You feel less invigorated.
You feel less confused. The large abomination hits you.
* * * LOW HITPOINT WARNING * * *
You block the large abomination's attack.
The smoke demon gestures at you. The sticky flame hits you!
You are covered in liquid flames!
* * * LOW HITPOINT WARNING * * *
You are covered in liquid flames!
* * * LOW HITPOINT WARNING * * *
You block the raiju's attack.
Your shadow imp misses something.
You block the ancient zyme's attack. The ancient zyme barely misses you.
Send 'em back where they came from!
Your shadow imp disappears in a puff of smoke!
You are covered in liquid flames!
You die...

..... .h.. ..... ..
..##..##..##..# ....
..##..##..##5K##...#
....§X
............##
...........h........
..# ..##..##.§##..#
# ..
..##..##.{##..#.#
..........hx....###
.. .......3X.@.....#
..##..##.X##..#.##
#.. #. ##..# ....#
.. ... ..... ...##
.. .........#.. .
#..##..##....## #.#
.##. #...# .. . .
#..


You could see an ancient zyme, 2 large abominations, a smoke demon and 2 raiju.

Vanquished Creatures
  A minotaur (Lab)
  Erica (D:9)
  Pikel (D:9)
  3 spiny frogs (Lair:1)
  3 komodo dragons
  A polar bear (Lair:1)
  2 tyrant leeches (Lair:2)
  Prince Ribbit (D:6)
  4 hippogriffs
  A basilisk (Lair:1)
  2 wyverns (D:9)
  4 yaks (Lair:1)
  The ghost of PossumBlood the Chopper, an amateur MiFi (D:3)
  A hungry ghost (D:8)
  Grum (D:9)
  Edmund (D:6)
  A water moccasin (D:7)
  A porcupine (Lair:1)
  2 small abominations (Abyss:1)
  7 orc warriors
  A black bear (D:6)
  An ice beast (D:9)
  A sky beast (D:6)
  A necrophage (D:7)
  3 ogres
  6 centaurs
  4 wolves
  4 bullfrogs
  2 scorpions
  9 killer bees
  2 spriggan skeletons (Lab)
  A troll skeleton (Lab)
  2 howler monkeys
  5 crimson imps
  2 jellies (D:9)
  A quasit (D:7)
  A centaur skeleton (Lab)
  2 hounds (D:7)
  8 orc priests
  15 orc wizards
  2 bullfrog skeletons
  Terence (D:2)
  4 iguanas
  6 worker ants
  A hound zombie (D:7)
  A hound skeleton (D:7)
  13 adders
  3 shadow imps (D:6)
  An ufetubus (Abyss:1)
  4 oozes
  3 worms
  A dart slug (D:2)
  4 leopard geckos (D:6)
  44 orcs
  3 ball pythons
  8 bats
  7 giant cockroaches
  2 gnoll zombies (D:4)
  8 goblins
  11 hobgoblins
  9 jackals
  8 kobolds
  2 quokkas
  9 frilled lizards
  2 leopard gecko skeletons
  7 rats
274 creatures vanquished.

Vanquished Creatures (collateral kills)
  A hydra (Lair:1)
  A komodo dragon (D:9)
  2 phantoms
  An ogre (D:4)
  A wolf (Lair:2)
  A killer bee (D:8)
  An orc priest (D:8)
  A bullfrog skeleton (D:8)
  2 orc wizards
  A worker ant (D:4)
  A hound skeleton (D:8)
  A worker ant zombie (D:8)
  An adder zombie (D:9)
  3 orcs
  A ball python (D:4)
19 creatures vanquished.

Vanquished Creatures (others)
  3 slaves (D:9)
  A killer bee (D:9)
  2 orcs (D:9)
  7 plants
13 creatures vanquished.

Grand Total: 306 creatures vanquished

Notes
Turn   | Place    | Note
-------+----------+-------------------------------------------
     0 | D:1      | Camlann the Demonspawn Fighter began the quest for the Orb.
     0 | D:1      | Reached XP level 1. HP: 18/18 MP: 1/1
   153 | D:1      | Gained mutation: You have sharp fingernails. [demonic ancestry]
   153 | D:1      | Reached XP level 2. HP: 5/24 MP: 2/2
   464 | D:1      | Reached skill level 2 in Unarmed Combat
   912 | D:1      | Gained mutation: A weak demonic guardian rushes to your aid. [demonic ancestry]
   912 | D:1      | Reached XP level 3. HP: 28/29 MP: 3/3
  1163 | D:2      | Reached skill level 3 in Unarmed Combat
  1489 | D:2      | Gained mutation: You have large cloven feet. [demonic ancestry]
  1489 | D:2      | Reached XP level 4. HP: 23/35 MP: 4/4
  2264 | D:2      | Noticed Terence
  2342 | D:2      | Killed Terence
  2699 | D:3      | Noticed PossumBlood's ghost (amateur MiFi)
  2891 | D:3      | Killed PossumBlood's ghost
  2891 | D:3      | Reached skill level 4 in Unarmed Combat
  2891 | D:3      | Gained mutation: You have hoof-like feet. [demonic ancestry]
  2891 | D:3      | Reached XP level 5. HP: 16/41 MP: 5/5
  2891 | D:3      | Gained mutation: You sometimes gain a little power by taking damage. [demonic ancestry]
  2891 | D:3      | Reached XP level 6. HP: 19/47 MP: 6/6
  3435 | D:3      | Reached skill level 5 in Unarmed Combat
  3661 | D:3      | Found an iron altar of Okawaru.
  3979 | D:3      | Found a sacrificial altar of Ru.
  3983 | D:3      | Found a burning altar of Makhleb.
  4030 | D:4      | Found a white marble altar of Elyvilon.
  4111 | D:4      | Gained mutation: You sometimes gain power by taking damage. [demonic ancestry]
  4111 | D:4      | Reached XP level 7. HP: 37/52 MP: 7/7
  4340 | D:4      | Reached skill level 6 in Unarmed Combat
  4357 | D:4      | Found a shattered altar of Ashenzari.
  4366 | D:4      | Reached skill level 5 in Shields
  4531 | D:4      | Found a staircase to the Ecumenical Temple.
  4548 | Temple   | Entered the Ecumenical Temple
  4897 | D:4      | Found a basalt altar of Yredelemnul.
  5288 | D:5      | Entered Level 5 of the Dungeon
  5442 | D:5      | Found a glowing silver altar of Zin.
  5687 | D:5      | Reached skill level 7 in Unarmed Combat
  5814 | D:5      | Gained mutation: You have very sharp fingernails. [demonic ancestry]
  5814 | D:5      | Reached XP level 8. HP: 57/58 MP: 6/8
  6256 | D:5      | Found a snail-covered altar of Cheibriados.
  6632 | D:6      | Noticed Prince Ribbit
  7185 | D:6      | Killed Prince Ribbit
  7185 | D:6      | Reached skill level 8 in Unarmed Combat
  7304 | D:6      | Reached skill level 9 in Unarmed Combat
  7439 | D:6      | Gained mutation: You have a pair of small horns on your head. [demonic ancestry]
  7439 | D:6      | Reached XP level 9. HP: 63/63 MP: 9/9
  7483 | D:6      | Gained mutation: You are resistant to electric shocks. (rElec) [mutagenic meat]
  7484 | D:6      | Gained mutation: You occasionally shout uncontrollably at your foes. [mutagenic meat]
  7485 | D:6      | Gained mutation: You are clumsy. (Dex -2) [mutagenic meat]
  7486 | D:6      | Gained mutation: You are dopey. (Int -2) [mutagenic meat]
  7487 | D:6      | Gained mutation: You possess an exceptional clarity of mind. [mutagenic meat]
  7589 | D:6      | Noticed Edmund
  7599 | D:6      | Killed Edmund
  8617 | D:8      | Reached skill level 10 in Unarmed Combat
  9183 | D:7      | Lost mutation: You occasionally shout uncontrollably at your foes. [potion of cure mutation]
  9183 | D:7      | Lost mutation: You are clumsy. (Dex -2) [potion of cure mutation]
  9183 | D:7      | Lost mutation: You are dopey. (Int -2) [potion of cure mutation]
  9183 | D:7      | Lost mutation: You possess an exceptional clarity of mind. [potion of cure mutation]
  9246 | D:8      | Found a shadowy altar of Dithmenos.
  9906 | D:8      | Reached XP level 10. HP: 54/70 MP: 8/10
 10267 | D:8      | Found a shimmering altar of Xom.
 10339 | D:8      | Reached skill level 11 in Unarmed Combat
 10463 | D:9      | Noticed Erica
 10473 | D:9      | Killed Erica
 10593 | D:9      | Noticed Pikel
 10598 | D:9      | Killed Pikel
 10668 | D:9      | Found a staircase to the Lair.
 11061 | D:9      | Noticed Grum
 11078 | D:9      | Killed Grum
 11095 | D:9      | Reached skill level 1 in Dodging
 11472 | D:9      | Found a staircase to the Orcish Mines.
 11623 | D:9      | Found a hide-covered altar of Uskayaw.
 11624 | D:9      | Noticed a dagger
 11624 | D:9      | Noticed a hand axe
 11834 | D:9      | Found a deep blue altar of Sif Muna.
 11850 | D:10     | Entered Level 10 of the Dungeon
 11850 | D:10     | Noticed a gargoyle
 11964 | Lair:1   | Entered Level 1 of the Lair of Beasts
 12034 | Lair:1   | Gained mutation: You have a pair of horns on your head. [demonic ancestry]
 12034 | Lair:1   | Reached XP level 11. HP: 52/78 MP: 9/11
 12101 | Lair:1   | Reached skill level 5 in Fighting
 12144 | Lair:1   | Found a labyrinth entrance.
 12175 | Lab      | Entered a labyrinth
 13252 | Lab      | Noticed a minotaur
 13268 | Lab      | Killed a minotaur
 13321 | Lab      | Got a scintillating copper ring
 13322 | Lab      | Got a distressingly furry plate armour
 13328 | Lair:1   | Identified the ring of Xom's Scorn {+Fly Str+4 Dex+2 Slay+2} (You found it in a labyrinth)
 13344 | Lair:1   | Identified the +7 plate armour of the Good {*Contam rN+ rCorr} (You found it in a labyrinth)
 13345 | Lair:1   | Identified a +3 rod of inaccuracy (10/10) (You found it in a labyrinth)
 13346 | Lair:1   | Identified a +4 rod of clouds (13/13) (You found it in a labyrinth)
 13642 | Lair:1   | Noticed a five-headed hydra
 13655 | Lair:1   | Killed a five-headed hydra
 13697 | Lair:1   | Reached skill level 10 in Shields
 14483 | Lair:2   | Reached skill level 5 in Dodging
 14687 | Lair:2   | Noticed Sonja
 14694 | Lair:2   | Cast into level 1 of the Abyss (Sonja)
 14694 | Abyss:1  | Found a sparkling altar of Nemelex Xobeh.
 14829 | Abyss:1  | Noticed a large abomination
 14839 | Abyss:1  | Noticed a starcursed mass
 14842 | Abyss:1  | HP: 3/83 [burnt (3)]
 14843 | Abyss:1  | Incinerated by a smoke demon

Skill      XL: |  1  2  3  4  5  6  7  8  9 10 11 |
---------------+----------------------------------+-----
Shields        | 3 4 5 6 8 9 10 | 10.3
Unarmed Combat | 2 3 4 5 7 9 10 11 | 11.7
Dodging        | 3 5 |  5.0
Fighting       | 4 6 |  6.6
Armour         | |  2.6

Action                   |  1- 3 |  4- 6 |  7- 9 | 10-12 || total
-------------------------+-------+-------+-------+-------++-------
Melee: Unarmed           |   182 |   263 |   453 |   355 ||  1253
       Kick              |       |    71 |   105 |    88 ||   264
       Headbutt          |       |       |    32 |    44 ||    76
Evoke: Wand              |       |       |       |     7 ||     7
  Use: Scroll            |     3 |     4 |     6 |    11 ||    24
       Potion            |       |     7 |     3 |     7 ||    17
 Stab: Distracted        |       |       |       |     3 ||     3
  Eat: Chunk             |     2 |     8 |    25 |    10 ||    45
       Fruit             |       |       |       |     4 ||     4
       Beef jerky        |       |       |       |     1 ||     1
Armor: Scale mail        |    58 |    59 |    50 |       ||   167
       Ring mail         |       |       |    37 |    11 ||    48
       Plate armour      |       |       |       |    62 ||    62
       Skin              |       |       |       |    15 ||    15
Dodge: Dodged            |    62 |    97 |   144 |    75 ||   378
Block: Shield            |    97 |   134 |   261 |   220 ||   712
